 Dungeon Sprint DCSS version 0.21.0-3-g78d12a8 (webtiles) character file.

5120 sanboga the Warrior (level 10, -3/80 HPs)
             Began as a Gargoyle Berserker on Jan 11, 2018.
             Was a High Priest of Trog.
             Slain by a flying skull (4 damage)
             ... in the Dungeon (Sprint II: "The Violet Keep of Menkaure").
             The game lasted 00:11:08 (1836 turns).

sanboga the Warrior (Gargoyle Berserker)            Turns: 1836, Time: 00:11:09

Health: -3/80      AC: 27    Str: 28    XL:     10   Next: 58%
Magic:  9/10       EV: 10    Int:  8    God:    Trog [*****.]
Gold:   245        SH:  0    Dex: 12    Spells: 9/9 levels left

rFire    + . .     SeeInvis .   b - +7 quarterstaff of Modesty {crush, *Rage +Blink Dex+3}
rCold    + . .     Gourm    +   (shield currently unavailable)
rNeg     + . .     Faith    .   k - +3 plate armour
rPois    ∞         Spirit   .   (no helmet)
rElec    +         Reflect  .   (no cloak)
rCorr    +         Harm     .   (no gloves)
MR       .....     Rnd*Rage +   (no boots) Stlth ..........NoTele +
                                m - amulet of the gourmand
HPRegen  0.23/turn              l - ring of flight
MPRegen  0.12/turn              r - +4 ring of strength

@: resistant, flying
A: negative energy resistance 1, electricity resistance, unbreathing,
petrification resistance, rot immunity, AC +7
a: Berserk, Trog's Hand, Brothers in Arms, Burn Spellbooks, Renounce Religion,
Evoke Blink, Stop Flying


You were in the Dungeon.
You worshipped Trog.
Trog was extremely pleased with you.
You were near starving.

You visited 1 branch You collected 1180 gold pieces.
You spent 935 gold pieces at shops.

Inventory:

Hand Weapons
 a - a +0 hand axe
 b - the +7 quarterstaff of Modesty (weapon) {crush, *Rage +Blink Dex+3}
   (You bought it in a shop in the Dungeon)

   It inflicts extra damage upon your enemies.
   It affects your dexterity (+3).
   It lets you blink.
   It may make you go berserk in combat.
Armour
 k - a +3 plate armour (worn)
Jewellery
 l - a ring of flight (left hand)
 m - an amulet of the gourmand (around neck)
 r - a +4 ring of strength (right hand)
Scrolls
 i - 3 scrolls of blinking
 o - 3 scrolls of remove curse
 p - 2 scrolls of identify
Potions
 d - a potion of curing
 f - 2 potions of haste
 g - 5 potions of magic
 h - 3 potions of berserk rage
 j - 2 potions of lignification {unknown}
 n - 3 potions of resistance
 s - a potion of brilliance {unknown}
 t - a potion of might {unknown}
 v - 3 potions of flight {unknown}
Comestibles
 c - 5 rations
 q - 7 chunks of flesh


   Skills:
 + Level 17.6 Fighting
 - Level 7.0 Axes
 + Level 16.7 Armour
 - Level 3.4 Dodging


You had 9 spell levels left.
You didn't know any spells.

Dungeon Overview and Level Annotations

Branches:
Dungeon (1/1)

Altars:
Cheibriados
Dithmenos
Elyvilon
Fedhas
Gozag
Hepliaklqana
Kikubaaqudgha
Makhleb
Nemelex Xobeh
Okawaru
Qazlal
Ru
Sif Muna
Trog
Uskayaw
Vehumet
Wu Jian
Xom
Yredelemnul
Zin
The Shining One
Beogh
Jiyva
Lugonu

Shops:
D :[!(!?}=[(:%[%=(

Annotations:
D exclusions: ice statue, obsidian statue and oklob plant


Innate Abilities, Weirdness & Mutations

You are resistant to torment.
Your stone body is resilient. (AC +7)
You are immune to poison.
You resist negative energy. (rN+)
You are resistant to electric shocks. (rElec)
You can survive without breathing.
You are immune to petrification.
You are immune to rotting.


Message History

The flying skull hits you.
* * * LOW HITPOINT WARNING * * *
The flying skull hits you but does no damage.
The flying skull hits you.
* * * LOW HITPOINT WARNING * * *
You bludgeon the flying skull!!
You destroy the flying skull!
Trog accepts your kill.
You are near starving!
The flying skull hits you.
* * * LOW HITPOINT WARNING * * *
The flying skull barely misses you.
The flying skull hits you but does no damage.
You hit the flying skull but do no damage.
The flying skull hits you!
* * * LOW HITPOINT WARNING * * *
The flying skull hits you.
* * * LOW HITPOINT WARNING * * *
The flying skull hits you.
You die...

+#+++#§§≈§§≈≈≈≈#_._._._.#≈÷§§§§+,
≈§§§≈##§≈§###§≈#._._._._#≈≈≈≈§≈#,
≈≈§≈§§##≈≈#,#≈§#.._._._.#≈§≈§≈≈▓,
§8≈§≈≈§+≈§#+#§§#._._._..#≈§≈§▓▓▓▓
§§§≈≈≈##≈≈§≈≈≈≈##########≈≈≈≈▓zzz
§≈≈≈≈##**#######≈≈≈≈≈≈≈≈≈≈≈≈≈▓zz.
#+####,,§§..§###≈########≈▓▓▓▓▓▓▓
*****,,,§§§§§§##z#,,,,,,#▓▓≈,≈≈≈≈
,,,+,,,,,§§§§§zz@#,,,,,,**≈≈≈≈≈≈≈
**,**,,,§§§§§§####,,,,,,+≈≈≈≈≈,,≈
,*,,**,,§§§§§#****,,,,,,**,≈,≈≈≈≈
**,,,****####*,,,,,,,,,,***≈≈,,≈,
,,,,,+,+,,,+,+,,,,,,,,,,* *******
*************************


You could see 3 flying skulls.

Vanquished Creatures
  A kraken (D)
  A yaktaur (D)
  3 polar bears (D)
  A hornet (D)
  2 hippogriffs (D)
  9 flying skulls (D)
  4 necrophages (D)
  4 crocodiles (D)
  A scorpion (D)
  4 worker ants (D)
  3 worms (D)
  6 tentacles (D)
39 creatures vanquished.

Vanquished Creatures (others)
  Menkaure (D)
  A crocodile (D)
  39 tentacles (D)
41 creatures vanquished.

Grand Total: 80 creatures vanquished

Notes
Turn   | Place    | Note
-------+----------+-------------------------------------------
     0 | D        | sanboga the Gargoyle Berserker began the quest for the Orb.
     0 | D        | Reached XP level 1. HP: 14/14 MP: 1/1
     1 | D        | Noticed a worker ant
     1 | D        | Noticed a worker ant
     1 | D        | Noticed a worker ant
     1 | D        | Noticed a worker ant
    12 | D        | Killed a worker ant
    12 | D        | Reached skill level 5 in Fighting
    12 | D        | Reached XP level 2. HP: 12/21 MP: 2/2
    12 | D        | Reached XP level 3. HP: 15/26 MP: 3/3
    19 | D        | Reached ** piety under Trog
    19 | D        | Reached skill level 6 in Fighting
    19 | D        | Reached skill level 5 in Axes
    19 | D        | Reached XP level 4. HP: 20/32 MP: 4/4
    23 | D        | Killed Menkaure
    36 | D        | Killed a crocodile
   303 | D        | Noticed an obsidian statue
   305 | D        | Noticed a crocodile
   309 | D        | Killed a crocodile
   309 | D        | Reached skill level 7 in Fighting
   309 | D        | Reached XP level 5. HP: 39/39 MP: 5/5
   310 | D        | Found Ginureur's Weapon Shoppe.
   311 | D        | Found Omur Duss's Food Shoppe.
   315 | D        | Found Tisotso's Jewellery Emporium.
   316 | D        | Found Disaf's Food Shoppe.
   316 | D        | Found Ofaij's Book Emporium.
   316 | D        | Found Dies's Antique Armour Shoppe.
   317 | D        | Found Icsim's Jewellery Shoppe.
   317 | D        | Found Qait's Gadget Emporium.
   317 | D        | Found Bifall's Antique Armour Emporium.
   317 | D        | Found Lovep's Antique Weapon Shoppe.
   318 | D        | Found Xyrus's Distillery.
   318 | D        | Found Faec Ceu's Antique Weapon Emporium.
   318 | D        | Found Ifovou's Magic Scroll Emporium.
   319 | D        | Found Zoicriud's Distillery.
   319 | D        | Found Duwut's Antique Armour Emporium.
   319 | D        | Noticed a black bear
   358 | D        | Reached skill level 8 in Fighting
   361 | D        | Reached *** piety under Trog
   503 | D        | Noticed a necrophage
   503 | D        | Noticed a necrophage
   503 | D        | Noticed a necrophage
   503 | D        | Noticed a necrophage
   511 | D        | Killed a necrophage
   511 | D        | Reached skill level 9 in Fighting
   511 | D        | Reached XP level 6. HP: 46/46 MP: 6/6
   516 | D        | Killed a necrophage
   516 | D        | Reached skill level 10 in Fighting
   520 | D        | Killed a necrophage
   520 | D        | Reached **** piety under Trog
   520 | D        | Reached XP level 7. HP: 53/53 MP: 7/7
   535 | D        | Reached skill level 11 in Fighting
   574 | D        | Noticed a hippogriff
   574 | D        | Noticed a hippogriff
   581 | D        | Killed a hippogriff
   581 | D        | Reached skill level 12 in Fighting
   581 | D        | Reached skill level 10 in Armour
   586 | D        | Killed a hippogriff
   586 | D        | Reached XP level 8. HP: 62/62 MP: 8/8
   629 | D        | Noticed an ice statue
   645 | D        | Noticed an oklob plant
   646 | D        | Found Doph's Book Shoppe.
   647 | D        | Noticed an iron elemental
   652 | D        | Noticed a hippogriff
   652 | D        | Noticed a hippogriff
   655 | D        | Bought a runed plate armour for 650 gold pieces
   670 | D        | Bought a translucent quarterstaff for 225 gold pieces
   670 | D        | Identified the +7 quarterstaff of Modesty {crush, *Rage +Blink Dex+3} (You bought it in a shop in the Dungeon)
   675 | D        | Bought a ration for 60 gold pieces
   724 | D        | Found an iron altar of Okawaru.
   724 | D        | Found a radiant altar of Vehumet.
   724 | D        | Found a glowing silver altar of Zin.
   725 | D        | Found a sparkling altar of Nemelex Xobeh.
   725 | D        | Found a hide-covered altar of Uskayaw.
   725 | D        | Found a basalt altar of Yredelemnul.
   725 | D        | Found a glowing golden altar of the Shining One.
   727 | D        | Found a burning altar of Makhleb.
   727 | D        | Found a bloodstained altar of Trog.
   727 | D        | Found a shimmering altar of Xom.
   727 | D        | Found an opulent altar of Gozag.
   729 | D        | Found a blossoming altar of Fedhas.
   729 | D        | Found a corrupted altar of Lugonu.
   729 | D        | Found a deep blue altar of Sif Muna.
   730 | D        | Found a white marble altar of Elyvilon.
   730 | D        | Found an ancient bone altar of Kikubaaqudgha.
   730 | D        | Found a sacrificial altar of Ru.
   737 | D        | Found a shadowy altar of Dithmenos.
   737 | D        | Found a viscous altar of Jiyva.
   738 | D        | Found a snail-covered altar of Cheibriados.
   740 | D        | Noticed a yaktaur
   740 | D        | Noticed a hornet
   740 | D        | Noticed a polar bear
   741 | D        | Noticed a polar bear
   747 | D        | Killed a polar bear
   747 | D        | Reached skill level 13 in Fighting
   752 | D        | Noticed a polar bear
   752 | D        | Killed a polar bear
   752 | D        | Reached ***** piety under Trog
   756 | D        | Killed a hornet
   756 | D        | Reached skill level 14 in Fighting
   759 | D        | Killed a polar bear
   759 | D        | Received a gift from Trog
   759 | D        | Reached XP level 9. HP: 70/70 MP: 9/9
   766 | D        | Killed a yaktaur
   899 | D        | Found a roughly hewn altar of Beogh.
   906 | D        | Noticed a kraken
  1326 | D        | HP: 2/70 [tentacle[a kraken] (12)]
  1556 | D        | Killed a kraken
  1556 | D        | Reached skill level 16 in Fighting
  1556 | D        | Reached skill level 15 in Armour
  1556 | D        | Reached XP level 10. HP: 34/79 MP: 10/10
  1740 | D        | Found a hazy altar of Hepliaklqana.
  1741 | D        | Found a stormy altar of Qazlal.
  1741 | D        | Found an ornate altar of the Wu Jian Council.
  1804 | D        | Received a gift from Trog
  1805 | D        | Reached skill level 17 in Fighting
  1836 | D        | HP: 3/80 [flying skull (7)]
  1836 | D        | HP: 1/80 [flying skull (2)]
  1836 | D        | Slain by a flying skull

Skill      XL: |  1  2  3  4  5  6  7  8  9 10 |
---------------+-------------------------------+-----
Fighting       | 5 6 7 9 10 12 14 16 17 | 17.6
Axes           | 4 5 6 7 |  7.0
Dodging        | 2 3 |  3.4
Armour         | 3 4 6 8 11 13 15 16 | 16.7

Action                   |  1- 3 |  4- 6 |  7- 9 | 10-12 || total
-------------------------+-------+-------+-------+-------++-------
Melee: Hand axe          |    16 |    46 |    25 |       ||    87
       Quarterstaff      |       |       |    76 |    55 ||   131
Invok: Berserk           |     1 |     2 |     3 |     1 ||     7
 Abil: Evoke Flight      |       |       |       |     1 ||     1
  Use: Scroll            |       |       |     4 |       ||     4
       Potion            |       |       |     1 |     1 ||     2
  Eat: Chunk             |       |     1 |     5 |       ||     6
       Ration            |       |       |     1 |       ||     1
Armor: Animal skin       |     2 |     7 |    14 |       ||    23
       Plate armour      |       |       |    63 |    85 ||   148
Dodge: Dodged            |     5 |    19 |    50 |    50 ||   124
